 Dungeon Crawl Stone Soup version bcrawl-1.21.3-1-g0d72ed7573 (webtiles) character file.

Game seed: 5253090580991105896

117 Mehrunes the Distorting Demonspawn (level 4, -2/35 HPs)
             Began as a Demonspawn Abyssal Knight on Apr 15, 2020.
             Was a Believer of Lugonu.
             Slain by a gnoll
             ... wielding a +0 halberd
              (8 damage)
             ... on level 3 of the Dungeon.
             The game lasted 00:06:50 (2581 turns).

Mehrunes the Distorting Demonspawn (DsAK)           Turns: 2581, Time: 00:06:51

Health: -2/35      AC: 10    Str: 13    XL:     4   Next: 71%
Magic:  7/7        EV:  5    Int: 14    God:    Lugonu [**....]
Gold:   159        SH:  4    Dex: 12    Spells: 3/3 levels left

rFire    . . .     SeeInvis .   a - +1 mace
rCold    . . .     Gourm    .   g - +0 buckler
rNeg     . . .     Faith    .   m - +0 chain mail
rPois    .         Spirit   .   p - +0 helmet
rElec    .         Reflect  .   (no cloak)
rCorr    .         Harm     .   (no gloves)
MR       .....                  (no boots)
Stlth    ..........             (no amulet)
HPRegen  0.11/turn              (no ring)
MPRegen  0.10/turn              (no ring)

@: no status effects
A: hooves 1, nightstalker 1
a: Depart the Abyss, Bend Space, Banish, Renounce Religion


You were on level 3 of the Dungeon.
You worshipped Lugonu.
Lugonu was pleased with you.
You were very hungry.

You visited 1 branch of the dungeon, and saw 3 of its levels.
You visited the Abyss 1 time.

You collected 159 gold pieces.

Inventory:

Hand Weapons
 a - a +1 mace (weapon)
Missiles
 c - 10 tomahawks of dispersal (quivered)
 d - 771 stones
 u - 44 tomahawks
Armour
 b - a +0 leather armour
 g - a +0 buckler (worn)
 m - a +0 chain mail (worn)
 p - a +0 helmet (worn)
Jewellery
 h - a cursed -2 ring of protection {unknown}
Scrolls
 f - a scroll of fear {unknown}
 i - 2 scrolls of magic mapping {unknown}
 j - a scroll of noise {unknown}
 l - 2 scrolls of remove curse {unknown}
 n - a scroll of teleportation {unknown}
 o - a scroll of fog {unknown}
 q - a scroll of amnesia {unknown}
 t - a scroll of identify {unknown}
Potions
 k - a potion of agility {unknown}
 s - a potion of might {unknown}
Comestibles
 e - 2 rations {!d}


   Skills:
 - Level 3.0 Fighting
 + Level 2.7 Maces & Flails
 - Level 0.8 Throwing
 + Level 2.8 Armour
 - Level 0.8 Dodging
 + Level 1.4 Shields
 + Level 4.1 Invocations


You had 3 spell levels left.
You didn't know any spells.
Your spell library was empty.

Dungeon Overview and Level Annotations

Branches:
Dungeon (3/12)

Altars:


Innate Abilities, Weirdness & Mutations

You have large cloven feet.
You are slightly more attuned to the shadows.


Message History

The gnoll hits you with a +0 whip.
The gnoll hits you from afar with a +0 halberd!
The gnoll hits you with a +0 whip.
You sock the gnoll!
You kill the gnoll!
Lugonu accepts your kill.
The gnoll hits you from afar with a +0 halberd.
* * * LOW HITPOINT WARNING * * *
You hear the quick rusting of a distant drain.
The gnoll completely misses you.
You see here a +0 whip.
You hit the gnoll but do no damage. The gnoll hits you with a +0 halberd.
* * * LOW HITPOINT WARNING * * *
You hit the gnoll.
The gnoll is heavily wounded.
The gnoll barely misses you.
You closely miss the gnoll. You kick the gnoll, but do no damage.
The gnoll is heavily wounded.
The gnoll hits you with a +0 halberd!
You die...

####.#...'......<.g.go.
#<.....###........#####
#.##.#.# #........# # #
#.#.# #........# #
..#.# ########## ####.#
#%# #.# #@# #g# #g# #g#
#.# #.# #..


You could see 3 gnolls.

Vanquished Creatures
  A hound (D:3)
  A gnoll (D:3)
  4 oozes
  A worm (D:1)
  2 dart slugs
  4 leopard geckos
  3 orcs
  A ball python (D:3)
  2 giant cockroaches
  6 hobgoblins
  5 bats
  3 frilled lizards
  7 goblins
  5 kobolds
  4 rats
49 creatures vanquished.

Notes
Turn   | Place    | Note
-------+----------+-------------------------------------------
     0 | Abyss:1  | Mehrunes the Demonspawn Abyssal Knight began the quest for
                  | the Orb.
     0 | Abyss:1  | Reached XP level 1. HP: 18/18 MP: 2/2
     8 | D:1      | Escaped the Abyss
   299 | D:1      | Reached skill level 3 in Invocations
   299 | D:1      | Gained mutation: You are slightly more attuned to the
                  | shadows. [demonic ancestry]
   299 | D:1      | Reached XP level 2. HP: 24/24 MP: 2/4
   653 | D:1      | Reached XP level 3. HP: 21/29 MP: 5/5
   885 | D:1      | Reached ** piety under Lugonu
  1530 | D:2      | Reached skill level 1 in Shields
  2095 | D:3      | Reached skill level 4 in Invocations
  2095 | D:3      | Gained mutation: You have large cloven feet. [demonic
                  | ancestry]
  2095 | D:3      | Reached XP level 4. HP: 27/35 MP: 5/7
  2581 | D:3      | Slain by a gnoll

Skill      XL: |  1  2  3 |
---------------+----------+-----
Maces & Flails | 2 |  2.7
Armour         | 2 |  2.8
Invocations    | 3 4 |  4.1
Shields        | 1 |  1.4
Fighting       | |  3.0
Throwing       | |  0.8
Dodging        | |  0.8

Action                   |  1- 3 |  4- 6 || total
-------------------------+-------+-------++-------
Melee: Mace              |   145 |    26 ||   171
       Kick              |       |     4 ||     4
Invok: Bend Space        |       |     4 ||     4
 Stab: Sleeping          |     4 |       ||     4
  Eat: Chunk             |     3 |     1 ||     4
Armor: Leather armour    |    24 |       ||    24
       Chain mail        |    53 |    14 ||    67
Dodge: Dodged            |    72 |     8 ||    80
Block: Buckler           |    15 |     3 ||    18
